cohdb
Replays
Latest Replays
All Replays
Popular Replays
Top Player Replays
Match Explorer
How It Works
Community
CoH3 Stats
Reddit
Sign in to upload your games and track your stats! →
Sign in with Steam
Match 39283166
Unlisted
Match 39283166
Overview
Messages
Build Orders
End
Pioneer Squad
Construct Infanterie Kompanie
Grenadier Squad
Grenadier Squad
MG 42 Machine Gun Team
Construct Luftwaffe Kompanie
221 Scout Car
Selects Mechanized Battlegroup
Selects Raid Package
Jäger Squad
Flak 30 Anti-aircraft Gun Team
Support Elements
Jäger Squad
Wirbelwind Flakpanzer
Jäger Squad
Luftwaffe Officer Quarters
Selects StuG Assault Group
StuG Assault Group
Medical Bunker
Jäger Squad
Selects Panther Heavy Tank
vonMises
BIOHAZARD
0
0
Comments
sign in to comment!
No comments posted yet!